 Dungeon Crawl Stone Soup version 0.27-a0-679-g77a6b55cf3 (webtiles) character file.

Game seed: 14433760039176678235

156 Dreamer the Shield-Bearer (level 5, 0/42 HPs)
             Began as a Formicid Fighter on Mar 19, 2021.
             Succumbed to a killer bee's poison
             ... on level 3 of the Dungeon.
             The game lasted 00:06:26 (3174 turns).

Dreamer the Shield-Bearer (Formicid Fighter)        Turns: 3174, Time: 00:06:27

Health: 0/42       AC:  9    Str: 22    XL:     5   Next: 65%
Magic:  5/5        EV:  6    Int:  7    God:
Gold:   189        SH: 10    Dex: 10    Spells: 4/4 levels left

rFire    + . .     SeeInvis +   a - +0 flail
rCold    x . .     Faith    .   c - +0 kite shield
rNeg     . . .     Spirit   .   e - +0 chain mail
rPois    .         Reflect  .   (helmet unavailable)
rElec    .         Harm     .   (no cloak)
rCorr    .         Rampage  .   (no gloves)
Will     .....                  (no boots)
Stlth    ..........             (no amulet)
HPRegen  0.14/turn              k - ring of fire
MPRegen  0.09/turn              (no ring)

@: mighty, lethally poisoned (0 -> -8)
A: permanent stasis, dig shafts and tunnels, antennae 3, four strong arms
a: Dig, Shaft Self


You were on level 3 of the Dungeon.
You visited 1 branch of the dungeon, and saw 3 of its levels.

You collected 189 gold pieces.

Inventory:

Hand Weapons
 a - a +0 flail (weapon)
Missiles
 i - 31 poisoned darts
Armour
 c - a +0 kite shield (worn)
 e - a +0 chain mail (worn)
Magical Staves
 g - a staff of earth
Jewellery
 k - a ring of fire (right hand)
Wands
 h - a wand of random effects (18)
Scrolls
 j - a scroll of teleportation {unknown}
Potions
 f - a potion of haste {unknown}


   Skills:
 + Level 4.1 Fighting
 * Level 3.5 Maces & Flails
 + Level 4.1 Armour
 + Level 4.6 Shields


You had 4 spell levels left.
You didn't know any spells.
Your spell library was empty.

Dungeon Overview and Level Annotations

Branches:
Dungeon (3/15)

Altars:
Hepliaklqana


Innate Abilities, Weirdness & Mutations

You cannot be hasted, slowed, berserked, paralysed or teleported.
You can dig through walls and to a lower floor.
You have a pair of large antennae on your head. (SInv)
Your four strong arms can wield two-handed weapons with a shield.


Message History

The killer bee stings you but does no damage.
The killer bee stings you but does no damage.
You feel sick. The killer bee barely misses you. The killer bee stings you.
* * * LOW HITPOINT WARNING * * *
You feel better. The killer bee stings you.
The killer bee stings you but does no damage.
The killer bee stings you.
You closely miss the killer bee.
The killer bee is severely wounded.
The killer bee stings you but does no damage.
You block the killer bee's attack. The killer bee stings you.
You are poisoned.
The killer bee poisons you!
You closely miss the killer bee.
The killer bee is severely wounded.
You feel sick. The killer bee barely misses you. x2
The killer bee stings you!
* * * LOW HITPOINT WARNING * * *
You are more poisoned.
The killer bee poisons you!
You miss the killer bee.
The killer bee is severely wounded.
* * * LOW HITPOINT WARNING * * *
You feel sick. You block the killer bee's attack.
The killer bee closely misses you.
You feel very mighty all of a sudden.
* * * LOW HITPOINT WARNING * * *
You feel sick.
The killer bee stings you but does no damage.
You block the killer bee's attack.
Your chain mail prevents you from hitting the killer bee.
The killer bee is severely wounded.
* * * LOW HITPOINT WARNING * * *
You feel sick.
The killer bee stings you but does no damage.
You block the killer bee's attack. The killer bee barely misses you.
You closely miss the killer bee.
The killer bee is severely wounded.
You die...

#.#.#...#.##########
#.#.#...#.#.########
#.#.#...#.#.........
#.#.#...#.#.########
#.#.#...............
#.......#.#.########
###.#.....#.#
#.#######.########
#@# #......... #y#
########## #y# # #y#
# #y# # #o# # #y# #
#y# .y{ # #.# ...{


You could see 6 killer bees and an orc.

Vanquished Creatures
  4 adders
  4 gnolls (D:2)
  2 oozes
  4 worms
  2 dart slugs
  A leopard gecko (D:3)
  An orc (D:3)
  15 giant cockroaches
  4 goblins
  2 quokkas (D:3)
  8 bats
  A frilled lizard (D:2)
  7 kobolds
  6 rats
61 creatures vanquished.

Notes
Turn   | Place    | Note
-------+----------+-------------------------------------------
     0 | D:1      | Dreamer the Formicid Fighter began the quest for the Orb.
     0 | D:1      | Reached XP level 1. HP: 18/18 MP: 1/1
   125 | D:1      | Reached XP level 2. HP: 22/24 MP: 2/2
   825 | D:1      | Reached XP level 3. HP: 27/29 MP: 3/3
  1183 | D:2      | Reached XP level 4. HP: 5/37 MP: 4/4
  1922 | D:2      | Reached XP level 5. HP: 42/42 MP: 5/5
  2357 | D:3      | Found a hazy altar of Hepliaklqana.
  2772 | D:3      | Found a faded altar of an unknown god.
  3173 | D:3      | HP: 1/42 [poisoned by a killer bee]
  3174 | D:3      | Succumbed to a killer bee's poison

Illustrated notes

Levels and vault maps discovered:
D:1:      minmay_arrival_open_corners, layout_basic
D:2:      minmay_roachtagon, layout_basic
D:3:      layout_basic, overflow_temple_1_default,
          chequers_ecumenical_altar_island, serial_shops, nicolae_shop_stone,
          due_unseen_surprise

Skill      XL: |  1  2  3  4  5 |
---------------+----------------+-----
Shields        | 4 |  4.6
Maces & Flails | 3 |  3.5
Fighting       | 4 |  4.1
Armour         | 4 |  4.1

Action                   |  1- 3 |  4- 6 || total
-------------------------+-------+-------++-------
Melee: Flail             |    69 |   162 ||   231
 Abil: Dig               |     2 |       ||     2
  Use: Potion            |       |     2 ||     2
Armor: Chain mail        |    33 |    92 ||   125
Dodge: Dodged            |    15 |    42 ||    57
Block: Kite shield       |    34 |    89 ||   123

Table legend: (Time is in decaauts)
 A = Elapsed time spent in this place.
 B = Non-inter-level travel time spent in this place.
 C = Inter-level travel time spent in this place.
 D = Time resting spent in this place.
 E = Time spent auto-exploring this place.
 F = Levels seen in this place.
 G = Mean time per level.
                   A        B        C        D        E       F      G
               +--------+--------+--------+--------+--------+-----+--------+
         Total |   3289 |   3211 |     78 |    378 |   2062 |   3 | 1096.3 |
       Dungeon |   3289 |   3211 |     78 |    378 |   2062 |   3 | 1096.3 |
               +--------+--------+--------+--------+--------+-----+--------+

Top non-repeatable levels by time:
     D:2: 1242 daAuts
     D:1: 1085 daAuts
     D:3: 961 daAuts
